 Dungeon Crawl Stone Soup version 0.30-a0-1050-g2766ea1e55 (webtiles) character file.

Game seed: 1071657493284502641

61 Dirtsage the Gusty (level 4, -5/27 HPs)
             Began as an Octopode Air Elementalist on Apr 10, 2023.
             Slain by a sleepcap (21 damage)
             ... on level 3 of the Dungeon.
             The game lasted 00:06:09 (1860 turns).

Dirtsage the Gusty (Octopode Air Elementalist)      Turns: 1860, Time: 00:06:10

Health: -5/27      AC:  1    Str:  7    XL:     4   Next: 7%
Magic:  6/7        EV:  2    Int: 19    God:
Gold:   121        SH:  0    Dex: 12    Spells: 4/7 levels left

rFire   . . .      SeeInvis .      - Unarmed
rCold   . . .      Faith    .    (no shield)
rNeg    . . .      Spirit   .    (helmet restricted)
rPois   .          Reflect  .    i - amulet of magic regeneration
rElec   .          Rampage  .    (no ring)
rCorr   .                        (no ring)
Will    .....                    (no ring)
Stlth   +++                      (no ring)
HPRegen 0.24/turn                (no ring)
MPRegen 0.50/turn                (no ring)
                                 (no ring)
                                 (no ring)

@: sleeping
A: almost no armour, amphibious, 8 rings, camouflage 1, gelatinous body 1,
(nimble swimmer 1), tentacles
a: no special abilities


You were on level 3 of the Dungeon.
You visited 1 branch of the dungeon, and saw 3 of its levels.

You collected 121 gold pieces.

Inventory:

Armour
 l - a +0 buckler
Jewellery
 i - an amulet of magic regeneration (around mantle)
Scrolls
 b - a scroll of amnesia {unknown}
 c - a scroll of teleportation {unknown}
 d - a scroll of vulnerability {unknown}
 e - a scroll of magic mapping {unknown}
 g - a scroll of fear {unknown}
 h - a scroll of fog {unknown}
Potions
 a - 2 potions of magic
 f - a potion of curing {unknown}
 j - a potion of haste {unknown}
 k - a potion of heal wounds {unknown}


   Skills:
 + Level 0.5 Fighting
 - Level 2.0 Dodging
 - Level 2.6 Stealth
 * Level 1.3 Unarmed Combat
 + Level 2.4 Spellcasting
 + Level 1.6 Conjurations
 * Level 3.7 Air Magic


You had 4 spell levels left.
You knew the following spells:

 Your Spells              Type           Power      Damage    Failure   Level
a - Shock                 Conj/Air       48%        1d6       5%          1
b - Static Discharge      Conj/Air       24%        2-3/arc   8%          2

Your spell library contained the following spells:

 Spells                   Type           Power      Damage    Failure   Level
 Swiftness                Air            16%        N/A       11%         3
 Airstrike                Air            8%         2d(2-18)  34%         4
 Gell's Gravitas          Tloc           2%         N/A       43%         3
 Teleport Other           Tloc           2%         N/A       43%         3
 Animate Dead             Necr           2%         N/A       85%         4
 Borgnjor's Vile Clutch   Necr/Erth      1%         N/A       99%         5
 Death Channel            Necr           1%         N/A       100%        6
 Dispersal                Tloc           1%         N/A       100%        6


Dungeon Overview and Level Annotations

Branches:
Dungeon (3/15)

Altars:

Shops:
D:1 [


Innate Abilities, Weirdness & Mutations

You cannot wear most types of armour.
You are amphibious.
You can wear up to eight rings at the same time.
Your skin changes colour to match your surroundings (Stealth+).
Your rubbery body absorbs attacks. (AC +1, EV +1)
((You are camouflaged when in or above water. (Stealth+)))
You have tentacles for arms and can constrict up to eight enemies at once.


Message History

Health restored: 27
There is a stone staircase leading down here.
You climb downwards.
There is a stone staircase leading up here.
A goblin comes into view. It is wielding a +0 dagger.
The helpless goblin fails to defend itself.
You tentacle-slap the goblin. Your grab misses the goblin.
The goblin is moderately wounded.
The goblin misses you.
You tentacle-slap the goblin. You grab the goblin.
The goblin is severely wounded.
You constrict the goblin.
You kill the goblin!
Things that are here:
a +0 dagger; a +0 sling A sleepcap comes into view.
Casting: Shock (safe; 5% risk of failure)
Confirm with . or Enter, or press ? or * to list all spells.
Aiming: Shock (safe; 5% risk of failure)
Press: ? - help, Shift-Dir - straight line The zap hits the sleepcap.
The sleepcap is lightly damaged.
The zap hits the sleepcap.
The sleepcap is moderately damaged.
The sleepcap releases spores at you.
You take 6 damage, and have 21/27 hp.
MASSIVE DAMAGE!!
You now have 6/7 mp.
Casting: Shock (safe; 5% risk of failure)
Confirm with . or Enter, or press ? or * to list all spells.
Aiming: Shock (safe; 5% risk of failure)
Press: ? - help, Shift-Dir - straight line The zap hits the sleepcap.
The sleepcap is moderately damaged.
The zap hits the sleepcap.
The sleepcap is heavily damaged.
The sleepcap releases spores at you.
You are engulfed in a cloud of soporific spores!
You fall asleep.
The sleepcap releases spores at you!!
Ouch! That really hurt!
You die...

.... ####..#
.....####
#......# ♣
#......# ♣..
#)#....### ..
#.#....#.♣.♣
#.#....#f..♣♣
#.#....@...P♣
#.######$....P♣
#.....<#..#PP.♣
########..# ..♣
... . ###. ..
#.


You could see a sleepcap.

Vanquished Creatures
  A worm (D:2)
  3 dart slugs
  8 bats
  8 endoplasms
  A giant cockroach (D:2)
  4 hobgoblins
  A jackal (D:2)
  8 kobolds
  A quokka (D:1)
  3 ball pythons (D:1)
  8 frilled lizards
  3 goblins
  3 rats
52 creatures vanquished.

Vanquished Creatures (others)
  A plant (D:3)
1 creature vanquished.

Grand Total: 53 creatures vanquished

Notes
Turn   | Place    | Note
-------+----------+-------------------------------------------
     0 | D:1      | Dirtsage the Octopode Air Elementalist began the quest for
                  | the Orb.
     0 | D:1      | Reached XP level 1. HP: 11/11 MP: 3/3
   105 | D:1      | Reached XP level 2. HP: 17/17 MP: 0/5
   343 | D:1      | Found a faded altar of an unknown god.
   441 | D:1      | Reached XP level 3. HP: 21/21 MP: 6/6
   628 | D:1      | Found Guesaf's Armour Boutique.
   983 | D:1      | Reached skill level 1 in Unarmed Combat
  1690 | D:2      | Reached XP level 4. HP: 23/27 MP: 7/7
  1731 | D:2      | Learned a level 2 spell: Static Discharge
  1860 | D:3      | Slain by a sleepcap

Illustrated notes

Levels and vault maps discovered:
D:1:      minmay_arrival_four_circles, layout_loops_ring, serial_shops,
          nicolae_shop_temple_entry_statues_fountains,
          ebering_ecumenical_altar_webs, minmay_tromino_mix6
D:2:      layout_basic, hangedman_abyss_or_decor_lesser_grid, minmay_distorted
D:3:      wad_woods_stonehenge, layout_basic

Skill      XL: |  1  2  3 |
---------------+----------+-----
Unarmed Combat | 1 |  1.3
Fighting       | |  0.5
Dodging        | |  2.0
Stealth        | |  2.6
Spellcasting   | |  2.4
Conjurations   | |  1.6
Air Magic      | |  3.7

Action                     |  1- 3 |  4- 6 || total
---------------------------+-------+-------++-------
  Melee: Unarmed           |    86 |     9 ||    95
         Constrict         |    28 |     2 ||    30
         Tentacles         |    21 |     1 ||    22
         Punch             |     1 |       ||     1
   Cast: Shock             |    35 |     4 ||    39
         Static Discharge  |       |     1 ||     1
   Stab: Sleeping          |     9 |     1 ||    10
         Distracted        |     1 |       ||     1
 Armour: Skin              |    13 |     4 ||    17
  Dodge: Dodged            |    58 |    10 ||    68

Table legend: (Time is in decaauts)
 A = Elapsed time spent in this place.
 B = Non-inter-level travel time spent in this place.
 C = Inter-level travel time spent in this place.
 D = Time resting spent in this place.
 E = Time spent auto-exploring this place.
 F = Levels seen in this place.
 G = Mean time per level.
                   A        B        C        D        E       F      G
               +--------+--------+--------+--------+--------+-----+--------+
         Total |   1859 |   1830 |     29 |    280 |   1154 |   3 |  619.7 |
       Dungeon |   1859 |   1830 |     29 |    280 |   1154 |   3 |  619.7 |
               +--------+--------+--------+--------+--------+-----+--------+

Top non-repeatable levels by time:
     D:1: 1073 daAuts
     D:2: 764 daAuts
     D:3: 20 daAuts
